 Dungeon Crawl Stone Soup version 0.28.0-1-gb440e238dd (webtiles) character file.

Game seed: 11168283709203340882

3024 4FPSwarrior the Fighter (level 9, -5/75 (76) HPs)
             Began as a Demonspawn Gladiator on Feb 26, 2022.
             Was an Initiate of Hepliaklqana.
             Killed by divine providence
             ... invoked by an orc priest
              (11 damage)
             ... on level 8 of the Dungeon.
             The game lasted 00:18:21 (7772 turns).

4FPSwarrior the Fighter (Demonspawn Gladiator)      Turns: 7772, Time: 00:18:22

HP:   -5/75 (76)    AC: 12    Str: 15    XL:     9   Next: 55%
MP:   9/9           EV: 13    Int: 11    God:    Hepliaklqana [......]
Gold: 356           SH:  5    Dex: 17    Spells: 6/8 levels left

rFire   + . .      SeeInvis .   a - +0 long sword (venom)
rCold   . . .      Faith    .   (no shield)
rNeg    . . .      Spirit   .   y - +3 ring mail {rF+}
rPois   .          Reflect  +   c - +0 helmet
rElec   .          Harm     .   (no cloak)
rCorr   .          Rampage  .   q - +2 pair of gloves "Daudamn" {Slay+2 Stlth+}
Will    .....                   (no boots)
Stlth   ++........              g - amulet of reflection
HPRegen 0.22/turn               (no ring)
MPRegen 0.11/turn               (no ring)

@: mighty, marked, flying, lightly drained
A: hooves 2, repulsion field 1, powered by pain 1, demonic magic 1
a: Renounce Religion


You were on level 8 of the Dungeon.
You worshipped Hepliaklqana.
Hepliaklqana was noncommittal.
You visited 2 branches of the dungeon, and saw 9 of its levels.
You also visited: Ossuary.

You collected 356 gold pieces.

Inventory:

Hand Weapons
 a - a +0 long sword of venom (weapon)
Missiles
 d - 2 throwing nets (quivered)
Armour
 b - a +0 leather armour
 c - a +0 helmet (worn)
 q - the +2 pair of gloves "Daudamn" (worn) {Slay+2 Stlth+}
   (You found it on level 4 of the Dungeon)

   Slay:      It affects your accuracy & damage with ranged weapons and melee
   (+2).
   Stlth:     It makes you more stealthy.
 y - a +3 ring mail of fire resistance (worn)
Jewellery
 g - an amulet of reflection (around neck)
 m - an amulet of guardian spirit
Scrolls
 f - 2 scrolls of fog {unknown}
 j - a scroll of immolation
 l - 3 scrolls of teleportation
 n - a scroll of fear
 o - a scroll of silence {unknown}
 p - a scroll of magic mapping
 t - a scroll of enchant armour {unknown}
 u - 2 scrolls of amnesia {unknown}
 v - a scroll of brand weapon
Potions
 e - a potion of haste {unknown}
 i - 2 potions of might
 k - a potion of cancellation {unknown}
 r - 2 potions of curing
 s - a potion of attraction {unknown}
 w - a potion of flight
 x - 2 potions of lignification


   Skills:
 * Level 9.1 Fighting
 + Level 7.5 Long Blades
 - Level 1.7 Throwing
 - Level 2.6 Dodging
 + Level 3.5 Fire Magic
 + Level 4.3 Earth Magic


You had 6 spell levels left.
You knew the following spells:

 Your Spells              Type           Power      Damage    Failure   Level
a - Scorch                Fire           14%        2d5       26%         2

Your spell library contained the following spells:

 Spells                   Type           Power      Damage    Failure   Level
 Sandblast                Erth           18%        2d7       12%         1
 Foxfire                  Conj/Fire      12%        2x1d4     34%         1
 Passwall                 Tmut/Erth      3%         N/A       41%         2
 Stone Arrow              Conj/Erth      8%         3d7       65%         3
 Ensorcelled Hibernation  Hex/Ice        0%         N/A       71%         2
 Conjure Flame            Conj/Fire      3%         6-21      71%         3
 Inner Flame              Hex/Fire       3%         N/A       71%         3
 Frozen Ramparts          Ice            0%         1d2       91%         3
 Swiftness                Air            0%         N/A       91%         3
 Leda's Liquefaction      Hex/Erth       2%         N/A       96%         4
 Lee's Rapid Deconstruct  Erth           4%         3d6*      97%         5
 Flame Wave               Conj/Fire      3%         2d4       98%         4
 Ice Form                 Ice/Tmut       0%         N/A       100%        4
 Summon Ice Beast         Ice/Summ       0%         N/A       100%        4
 Statue Form              Tmut/Erth      2%         N/A       100%        6
 Summon Cactus Giant      Summ           0%         N/A       100%        6


Dungeon Overview and Level Annotations

Branches:
Dungeon (8/15)             Temple (1/1) D:7         Ossuary (visited)
   Lair: D:8-11

Altars:
Ashenzari
Cheibriados
Dithmenos
Elyvilon
Gozag
Hepliaklqana
Makhleb
Nemelex Xobeh
Okawaru
Qazlal
Ru
Sif Muna
Trog
Vehumet
Xom
Yredelemnul
Zin
The Shining One

Annotations:
D:8 Erica, Maggie, Pikel


Innate Abilities, Weirdness & Mutations

You have hoof-like feet.
You are surrounded by a mild repulsion field. (EV +2)
You sometimes gain a little power by taking damage.
Spells you cast may paralyse adjacent enemies.


Message History

You kill the killer bee!
The killer bee stings you but does no damage. x2
Pikel, Merchant of Souls comes into view.
He is wielding a +1 whip of freezing, wearing a +2 robe of willpower and carrying a wand of mindburst (21).
You miss the killer bee. You kick the killer bee!
The killer bee is heavily wounded.
You feel sick. The killer bee misses you.
A hornet zombie comes into view.
The killer bee closely misses you.
The orc priest invokes the aid of Beogh against you.
Beogh smites you!
A lemure comes into view.
You feel very mighty all of a sudden.
You feel sick.
The killer bee stings you but does no damage.
The killer bee closely misses you.
You miss the killer bee. Your kick misses the killer bee.
The killer bee is heavily wounded.
You feel sick. The killer bee closely misses you. The killer bee stings you.
The orc priest mumbles some strange prayers to Beogh against you.
Beogh smites you!
* * * LOW HITPOINT WARNING * * *
You focus on the pain.
You feel mightier all of a sudden.
You slash the killer bee!
You kill the killer bee!
You feel sick.
You are no longer poisoned.
The orc priest calls down the wrath of Beogh upon you.
Beogh smites you!
* * * LOW HITPOINT WARNING * * *
It was a potion of curing.
You feel better.
The orc warrior hits you but does no damage.
It was a potion of flight.
You feel very buoyant.
You fly up into the air.
The orc warrior hits you with a +0 short sword.
* * * LOW HITPOINT WARNING * * *
The orc priest mumbles some strange prayers to Beogh against you.
Beogh smites you!
You die...

#.###.#
#..##.#
##.##.#
#.##.#
#..#.#
##.#.#
#...# ##..#
#.@######K.
#.>o†oo555.
#########5Z
#....@..#
#.......#
#.......#


You could see an orc warrior, 4 lemures, an orc priest and an orc.

Vanquished Creatures
  Prince Ribbit (D:7)
  3 yaks (D:7)
  3 water moccasins
  2 orc warriors
  A sky beast (D:7)
  3 black bears
  2 necrophages (D:6)
  A centaur (D:6)
  An elf zombie (Ossuary)
  2 scorpions (D:5)
  3 killer bees (D:8)
  4 wights
  A bullfrog zombie (D:6)
  2 hounds
  2 centaur zombies
  A human zombie (Ossuary)
  2 orc priests
  A bullfrog skeleton (D:6)
  A centaur skeleton (D:5)
  A jelly (D:4)
  A gnoll shaman (D:5)
  3 orc wizards
  3 iguanas
  2 mummies (Ossuary)
  A howler monkey skeleton (D:4)
  3 gnolls (D:5)
  6 adders
  A white imp (D:5)
  2 ufetubi
  An adder zombie (Ossuary)
  A worm (D:2)
  3 dart slugs
  11 orcs
  10 ball pythons
  6 bats
  5 endoplasms
  2 giant cockroaches
  12 goblins
  5 hobgoblins
  3 jackals (D:3)
  5 kobolds
  2 quokkas
  5 frilled lizards
  4 goblin zombies (Ossuary)
  11 hobgoblin zombies (Ossuary)
  2 jackal zombies (Ossuary)
  8 kobold zombies (Ossuary)
  7 orc zombies (Ossuary)
  10 rats
  A rat zombie (Ossuary)
173 creatures vanquished.

Notes
Turn   | Place    | Note
-------+----------+-------------------------------------------
     0 | D:1      | 4FPSwarrior the Demonspawn Gladiator began the quest for
                  | the Orb.
     0 | D:1      | Reached XP level 1. HP: 16/16 MP: 1/1
   168 | D:1      | Gained mutation: You sometimes gain a little power by
                  | taking damage. [demonic ancestry]
   168 | D:1      | Reached XP level 2. HP: 19/23 MP: 2/2
   264 | D:1      | Found a faded altar of an unknown god.
   811 | D:2      | Gained mutation: You have large cloven feet. [demonic
                  | ancestry]
   811 | D:2      | Reached XP level 3. HP: 28/28 MP: 3/3
   942 | D:2      | Reached skill level 3 in Fighting
  1806 | D:3      | Gained mutation: You have hoof-like feet. [demonic
                  | ancestry]
  1806 | D:3      | Reached XP level 4. HP: 29/35 MP: 4/4
  2752 | D:4      | Reached skill level 4 in Fighting
  2752 | D:4      | Gained mutation: Spells you cast may paralyse adjacent
                  | enemies. [demonic ancestry]
  2752 | D:4      | Reached XP level 5. HP: 42/42 MP: 5/5
  2824 | D:4      | Found a basalt altar of Yredelemnul.
  3092 | D:4      | Identified the +2 pair of gloves "Daudamn" {Slay+2 Stlth+}
  3333 | D:4      | Noticed a black bear
  3668 | D:4      | Found a radiant altar of Vehumet.
  3793 | D:4      | Killed a black bear
  3794 | D:4      | Reached XP level 6. HP: 50/50 MP: 6/6
  3815 | D:5      | Entered Level 5 of the Dungeon
  3872 | D:5      | Reached skill level 5 in Fighting
  3872 | D:5      | Reached skill level 5 in Long Blades
  4421 | D:5      | Reached XP level 7. HP: 52/57 MP: 7/7
  4877 | D:6      | Reached skill level 6 in Fighting
  5147 | D:5      | Reached skill level 1 in Earth Magic
  5186 | D:6      | Noticed a two-headed ogre
  5318 | D:5      | Reached XP level 8. HP: 33/65 MP: 8/8
  5481 | D:5      | Learned a level 2 spell: Scorch
  5525 | D:6      | Found a sand-covered staircase.
  5532 | Ossuary  | Entered an ossuary
  5714 | Ossuary  | Reached skill level 7 in Fighting
  5823 | Ossuary  | Reached skill level 1 in Fire Magic
  5878 | D:6      | Found an opulent altar of Gozag.
  6471 | D:7      | Found a staircase to the Ecumenical Temple.
  6480 | Temple   | Entered the Ecumenical Temple
  6569 | Temple   | Became a worshipper of Hepliaklqana the Forgotten
  6731 | D:7      | Noticed Prince Ribbit
  6745 | D:7      | Killed Prince Ribbit
  6746 | D:7      | Reached skill level 8 in Fighting
  6746 | D:7      | Gained mutation: You are surrounded by a mild repulsion
                  | field. (EV +2) [demonic ancestry]
  6746 | D:7      | Reached XP level 9. HP: 50/74 MP: 9/9
  7358 | D:8      | Noticed Maggie
  7358 | D:8      | Noticed Erica
  7644 | D:8      | Reached skill level 9 in Fighting
  7765 | D:8      | Noticed Pikel
  7772 | D:8      | Killed from afar by an orc priest

Illustrated notes

Levels and vault maps discovered:
D:1:      minmay_arrival_stair_chambers, layout_rooms, basic_ecumenical_altar,
          minmay_bisected
D:2:      layout_basic, grunt_decor_junction
D:3:      layout_basic, mainiacjoe_overflow_alcove_2, st_stairs_10,
          serial_bayou_pond_b, kennysheep_nub, kennysheep_path_1,
          chequers_serial_rivers_small_a
D:4:      layout_gridville, mainiacjoe_overflow_surrounded_room,
          mainiacjoe_overflow_six_doors_small, minmay_misc_feat_x,
          minmay_between
D:5:      layout_gridville
D:6:      layout_rooms, grunt_gozag_statues, nicolae_ossuary_entry_ruins,
          minmay_holes
D:7:      layout_loops_ring, minmay_temple_entry_wispy, uniq_prince_ribbit1
D:8:      layout_basic, uniq_pikel, uniq_erica, uniq_maggie
Temple:   nicolae_temple_great_sept

Skill      XL: |  1  2  3  4  5  6  7  8  9 |
---------------+----------------------------+-----
Long Blades    | 3 4 5 6 7 |  7.5
Fighting       | 3 4 5 6 8 9 |  9.1
Earth Magic    | 2 3 4 |  4.3
Fire Magic     | 2 3 |  3.5
Throwing       | |  1.7
Dodging        | |  2.6

Action                   |  1- 3 |  4- 6 |  7- 9 || total
-------------------------+-------+-------+-------++-------
Melee: Long sword        |   114 |    87 |   279 ||   480
       Punch             |     1 |       |     4 ||     5
       Kick              |    14 |    20 |   116 ||   150
Throw: Throwing net      |       |     1 |     1 ||     2
  Use: Scroll            |       |     3 |     4 ||     7
       Potion            |       |       |     3 ||     3
 Stab: Held in net/web   |       |     1 |     2 ||     3
Armor: Leather armour    |     6 |       |       ||     6
       Scale mail        |    24 |       |       ||    24
       Plate armour      |    61 |    67 |   139 ||   267
       Ring mail         |       |       |    20 ||    20
Dodge: Dodged            |    43 |    20 |    84 ||   147
Block: Other             |    28 |    22 |    72 ||   122
       Reflection        |     2 |       |     3 ||     5
